 Dungeon Crawl Stone Soup version 0.31.0-11-ge490571c62 (webtiles) character file.

Game seed: 4255918850664789563

96 qw the Shooter (level 4, 0/25 HPs)
             Began as a Deep Elf Hunter on Feb 4, 2024.
             Killed from afar by an orc wizard (9 damage)
             ... with a puff of flame
             ... on level 4 of the Dungeon.
             The game lasted 00:00:08 (2162 turns).

qw the Shooter (Deep Elf Hunter)                    Turns: 2162, Time: 00:00:09

Health: 0/25       AC:  5    Str: 10    XL:     4   Next: 41%
Magic:  6/6        EV: 11    Int: 14    God:
Gold:   163        SH:  0    Dex: 18    Spells: 3/3 levels left

rFire   . . .        a - +0 shortbow
rCold   . . .        (shield currently unavailable)
rNeg    . . .        d - +0 ring mail
rPois   .            (no helmet)
rElec   .            (no cloak)
rCorr   .            (no gloves)
SInv    .            (no boots)
Will    .....        c - amulet of regeneration
Stlth   +            (no ring)
HPRegen 1.04/turn    (no ring)
MPRegen 0.10/turn

%: no passive effects
@: lit by a corona, glowing
A: no striking features
a: no special abilities


You were on level 4 of the Dungeon.
You visited 1 branch of the dungeon, and saw 4 of its levels.

You collected 163 gold pieces.


   Skills:
 - Level 1.5 Fighting
 + Level 7.8 Ranged Weapons
 - Level 2.4 Dodging
 - Level 1.2 Stealth


You had 3 spell levels left.
You didn't know any spells.
Your spell library was empty.

Inventory:

Hand Weapons
 a - a +0 shortbow (weapon)
Armour
 d - a +0 ring mail (worn)
Jewellery
 c - an amulet of regeneration (around neck)
Wands
 k - a wand of flame (16) (quivered)
Scrolls
 e - a scroll of teleportation
Potions
 f - 2 potions of heal wounds
 g - a potion of resistance
 h - a potion of might {unknown}
 j - a potion of invisibility {unknown}

Dungeon Overview and Level Annotations

Branches:
Dungeon (4/15)
 Temple: D:4-7

Altars:
Vehumet
Yredelemnul

Shops:
D:1 ?

Annotations:
D:3 1 runed translucent door, Crazy Yiuf
D:4 Dowan, Duvessa


Message History

You hear a shout!
2156 ||| ZAPPING wand of flame (21) at -4,0 (Duvessa; floor).
Aiming: Throw Flame
Press: ? - help, Q - select action, (/) - cycle Shift-Dir - straight line, f/p - Duvessa The puff of flame misses Duvessa.
The puff of flame hits Dowan.
Dowan is lightly wounded.
2157 ||| ZAPPING wand of flame (20) at -3,0 (Duvessa; floor).
Aiming: Throw Flame
Press: ? - help, Q - select action, (/) - cycle Shift-Dir - straight line, f/p - Duvessa The puff of flame hits Duvessa.
Duvessa is moderately wounded.
Dowan says, "Magic and the sword, together, will defeat you."
2158 ||| ZAPPING wand of flame (19) at -2,0 (Duvessa; floor).
Aiming: Throw Flame
Press: ? - help, Q - select action, (/) - cycle Shift-Dir - straight line, f/p - Duvessa The puff of flame misses Duvessa.
The puff of flame hits Dowan.
Dowan is moderately wounded.
2159 ||| ZAPPING wand of flame (18) at -1,0 (Duvessa; floor).
Aiming: Throw Flame
Press: ? - help, Q - select action, (/) - cycle Shift-Dir - straight line, f/p - Duvessa The puff of flame hits Duvessa.
Duvessa is heavily wounded.
Dowan casts a spell.
Dowan blinks!
Duvessa hits you with a +0 short sword.
2160 ||| ZAPPING wand of flame (17) at -1,0 (Duvessa; floor).
Aiming: Throw Flame
Press: ? - help, Q - select action, (/) - cycle Shift-Dir - straight line, f/p - Duvessa The puff of flame misses Duvessa.
An orc wizard comes into view. It is wielding a +0 dagger.
Dowan casts a spell at you.
You are outlined in light.
Duvessa hits you with a +0 short sword.
2161 ||| RETREEEEATING.
You shoot an arrow. The arrow hits Duvessa!
Duvessa is severely wounded.
Dowan hits you with a +0 dagger. Duvessa hits you with a +0 short sword!
2162 ||| RETREEEEATING.
You shoot an arrow. The arrow hits Duvessa!
Duvessa is almost dead.
Dowan barely misses you.
The orc wizard gestures at you while chanting.
The puff of flame hits you!
You die...

####.#####
......e@e#
.##..###o#
# #.# ..#
.#.# ....#
.. ... .##
### .#


You could see Duvessa, Dowan and an orc wizard.

Vanquished Creatures
  4 adders
  4 dart slugs
  A ribbon worm (D:2)
  An orc (D:2)
  2 bats
  7 endoplasms
  A giant cockroach (D:3)
  5 goblins
  2 hobgoblins
  3 jackals (D:2)
  6 kobolds
  2 quokkas (D:1)
  3 ball pythons
  5 frilled lizards
  2 rats
48 creatures vanquished.

Notes
Turn   | Place    | Note
-------+----------+-------------------------------------------
     0 | D:1      | qw the Deep Elf Hunter began the quest for the Orb.
     0 | D:1      | Reached XP level 1. HP: 12/12 MP: 3/3
     0 | D:1      | 0 ||| qw: Version: 0.3-a-160-g6735b56
     0 | D:1      | 0 ||| qw: Game counter: 4877
     0 | D:1      | 0 ||| qw: Melee chars always use a shield: true
     0 | D:1      | 0 ||| qw: God list: Okawaru
     0 | D:1      | 0 ||| qw: Allow faded altars: false
     0 | D:1      | 0 ||| qw: Do Orc after clearing Dungeon:15 true
     0 | D:1      | 0 ||| qw: Do second Lair branch before Depths: true
     0 | D:1      | 0 ||| qw: Lair rune preference: random
     0 | D:1      | 0 ||| qw: Goals: Normal
     0 | D:1      | 0 ||| PLANNING D:1-11
    39 | D:1      | Found a faded altar of an unknown god.
   128 | D:1      | Reached skill level 6 in Ranged Weapons
   128 | D:1      | Reached XP level 2. HP: 16/16 MP: 4/4
   197 | D:1      | Found Nuveal's Magic Scroll Boutique.
   205 | D:1      | 205 ||| SHOPLISTING scroll of enchant weapon (105 gold,
                  | have 9).
   205 | D:1      | 205 ||| SHOPLISTING scroll of teleportation (42 gold, have
                  | 9).
   577 | D:1      | 577 ||| UPGRADING to +0 ring mail.
   587 | D:1      | 587 ||| DROPPING +0 leather armour.
   588 | D:1      | 588 ||| READING scroll labelled WOOXUC VEIMEEXE.
   592 | D:1      | 592 ||| READING scroll labelled LOVETA YSOE.
   592 | D:1      | 592 ||| IDENTIFYING 2 fuming puce potions
   593 | D:1      | 593 ||| READING scroll labelled BEURAVV VIUCWOECI.
   594 | D:1      | 594 ||| DRINKING 2 coppery potions.
   595 | D:1      | 595 ||| DROPPING scroll of butterflies.
   668 | D:2      | Reached XP level 3. HP: 20/20 MP: 5/5
   878 | D:2      | Reached skill level 7 in Ranged Weapons
  1341 | D:2      | 1341 ||| READING scroll of identify.
  1341 | D:2      | 1341 ||| IDENTIFYING pink potion
  1342 | D:2      | 1342 ||| DROPPING potion of attraction.
  1565 | D:3      | Found a basalt altar of Yredelemnul.
  1622 | D:3      | Reached XP level 4. HP: 25/25 MP: 6/6
  1644 | D:3      | Found a radiant altar of Vehumet.
  2000 | D:3      | Found a runed translucent door.
  2001 | D:3      | Noticed Crazy Yiuf
  2124 | D:3      | 2124 ||| UPGRADING to amulet of regeneration.
  2129 | D:3      | 2129 ||| READING scroll of identify.
  2129 | D:3      | 2129 ||| IDENTIFYING bubbling amethyst potion
  2130 | D:3      | 2130 ||| READING scroll labelled BOMPAG JURU.
  2131 | D:3      | 2131 ||| READING scroll labelled QOECAI MUCU.
  2132 | D:3      | 2132 ||| DROPPING potion of berserk rage.
  2153 | D:4      | Noticed Duvessa
  2154 | D:4      | 2154 ||| ZAPPING wand of flame (23) at -6,0 (Duvessa;
                  | floor).
  2154 | D:4      | Noticed Dowan
  2155 | D:4      | 2155 ||| ZAPPING wand of flame (22) at -5,0 (Duvessa;
                  | floor).
  2156 | D:4      | 2156 ||| ZAPPING wand of flame (21) at -4,0 (Duvessa;
                  | floor).
  2157 | D:4      | 2157 ||| ZAPPING wand of flame (20) at -3,0 (Duvessa;
                  | floor).
  2158 | D:4      | 2158 ||| ZAPPING wand of flame (19) at -2,0 (Duvessa;
                  | floor).
  2159 | D:4      | 2159 ||| ZAPPING wand of flame (18) at -1,0 (Duvessa;
                  | floor).
  2160 | D:4      | 2160 ||| ZAPPING wand of flame (17) at -1,0 (Duvessa;
                  | floor).
  2161 | D:4      | 2161 ||| RETREEEEATING.
  2162 | D:4      | 2162 ||| RETREEEEATING.
  2162 | D:4      | Killed from afar by an orc wizard

Levels and vault maps discovered:
D:1:      dpeg_arrival_windows_large_door, layout_basic,
          ebering_ecumenical_altar_sacrificial, serial_shops, shop_fountains,
          chequers_serial_rivers_micro_b
D:2:      layout_basic
D:3:      layout_basic, lemuel_doored_altar, vehumet_altar_wand_db,
          mrwooster_statue_mirror, skrybe_limestone_x, grunt_decor_fettered,
          uniq_crazy_yiuf_cottage
D:4:      layout_loops_corners, elyvilon_altar_4, minmay_temple_entry_fiery,
          uniq_duvessa, uniq_robin

Skill      XL: |  1  2  3 |
---------------+----------+-----
Ranged Weapons | 6 7 |  7.8
Fighting       | |  1.5
Dodging        | |  2.4
Stealth        | |  1.2

Action                     |  1- 3 |  4- 6 || total
---------------------------+-------+-------++-------
   Fire: Shortbow          |   117 |    21 ||   138
  Evoke: Wand              |       |     7 ||     7
    Use: Scroll            |     4 |     3 ||     7
         Potion            |     1 |       ||     1
 Armour: Leather armour    |    15 |       ||    15
         Ring mail         |     4 |     7 ||    11
  Dodge: Dodged            |    33 |     4 ||    37

Table legend:
 A = Non-vault XP
 B = Vault XP
 C = Vault XP percentage of total XP
 D = Non-vault monster count
 E = Vault monster count
 F = Vault count percentage of total count
                 A         B        C        D         E       F
            +---------+---------+-------+---------+---------+-------
      Total |     136 |       2 |   1.4 |      47 |       1 |   2.1
            +---------+---------+-------+---------+---------+-------
        D:1 |      30 |       0 |   0.0 |      17 |       0 |   0.0
        D:2 |      52 |       0 |   0.0 |      14 |       0 |   0.0
        D:3 |      54 |       2 |   3.6 |      16 |       1 |   5.9
            +---------+---------+-------+---------+---------+-------
